 Dungeon Crawl Stone Soup version 0.27-a0-1191-g601b473118 (webtiles) character file.

Game seed: 873872229658392904

49 agentchuck the Stinger (level 3, 0/28 HPs)
             Began as a Naga Venom Mage on May 25, 2021.
             Slain by an orc
             ... wielding a +0 short sword
              (6 damage)
             ... on level 3 of the Dungeon.
             The game lasted 00:07:31 (863 turns).

agentchuck the Stinger (Naga Venom Mage)             Turns: 863, Time: 00:07:31

Health: 0/28       AC:  2    Str: 11    XL:     3   Next: 75%
Magic:  0/6        EV:  9    Int: 15    God:
Gold:   42         SH:  0    Dex: 11    Spells: 3/6 levels left

rFire    . . .     SeeInvis +   b - +0 whip
rCold    . . .     Faith    .   (no shield)
rNeg     . . .     Spirit   .   a - +0 robe
rPois    +         Reflect  .   (no helmet)
rElec    .         Harm     .   (no cloak)
rCorr    .         Rampage  .   (no gloves)
Will     .....                  (no barding)
Stlth    ++........             (no amulet)
HPRegen  0.09/turn              (no ring)
MPRegen  0.10/turn              (no ring)

@: very slow
A: AC +1, large, see invisible, deformed body, poison resistance, slowness 2,
spit poison 1, naga tail 1
a: Spit Poison


You were on level 3 of the Dungeon.
You visited 1 branch of the dungeon, and saw 3 of its levels.

You collected 42 gold pieces.


Innate Abilities, Weirdness & Mutations

Your serpentine skin is tough. (AC +1)
You have supernaturally acute eyesight. (SInv)
Armour fits poorly on your strangely shaped body.
Your system is resistant to poisons. (rPois)
You cover ground very slowly.
You can spit poison.
You have a snake-like lower body.


   Skills:
 - Level 1.5 Dodging
 - Level 3.0 Stealth
 - Level 2.0 Spellcasting
 - Level 1.0 Transmutations
 + Level 6.1 Poison Magic


You had 3 spell levels left.
You knew the following spells:

 Your Spells              Type           Power      Damage    Failure   Level
p - Poisonous Vapours     Pois/Air       20%        N/A       10%         2
z - Sting                 Tmut/Pois      48%        1d5       5%          1

Your spell library contained the following spells:

 Spells                   Type           Power      Damage    Failure   Level
 Ignite Poison            Fire/Tmut/Pois 8%         N/A       26%         3
 Mephitic Cloud           Conj/Pois/Air  7%         N/A       28%         3
 Olgreb's Toxic Radiance  Pois           19%        N/A       19%         4

Inventory:

Hand Weapons
 b - a +0 whip (weapon)
Missiles
 c - 5 stones
Armour
 a - a +0 robe (worn)
Scrolls
 d - a scroll of fear {unknown}
 e - a scroll of enchant weapon {unknown}
 g - a scroll of teleportation {unknown}
 h - a scroll of blinking {unknown}
 i - a scroll of fog {unknown}
Potions
 f - a potion of curing {unknown}

Dungeon Overview and Level Annotations

Branches:
Dungeon (3/15)

Altars:

#.# #.# #.# #.#
#.# ..... #.#
.......... #.#
#......... #@#
#........
#o#####.[....#
#o##.......).#
#o##.........#..
#.##.<.)........
#.##......###
#.........+
#..........#
#.........)#


You could see an orc wizard (invisible) and 2 orcs.


Message History

Press: ? - help, Dir - move target, f/p - orc wizard
Aim: an orc wizard, wielding a +0 dagger and wearing a +0 robe Poisonous vapours surround the orc wizard!
The orc wizard is engulfed in poison gas.
The orc wizard is poisoned.
Casting: Poisonous Vapours (safe; 10% risk of failure)
Confirm with . or Enter, or press ? or * to list all spells.
You don't have enough magic to cast this spell.
Unknown command.
The orc barely misses you.
Your magical contamination has completely faded away.
The orc wizard looks more healthy.
The orc hits you with a +0 short sword.
The orc wizard casts a spell at itself.
The orc wizard flickers and vanishes for a moment.
The orc hits you with a +0 short sword.
* * * LOW HITPOINT WARNING * * *
Casting: Poisonous Vapours (safe; 10% risk of failure)
Confirm with . or Enter, or press ? or * to list all spells.
Aiming: Sting (safe; 5% risk of failure)
Press: ? - help, Shift-Dir - straight line, f/p - orc wizard
Aim: an orc wizard, wielding a +0 dagger and wearing a +0 robe (almost dead, slightly transparent, 64% to hit)
The sting hits the orc.
The orc is poisoned.
The orc is moderately wounded.
The orc hits you with a +0 short sword.
* * * LOW HITPOINT WARNING * * *
You closely miss the orc.
The orc is heavily wounded.
The orc hits you with a +0 short sword.
You die...

Skill      XL: |  1  2  3 |
---------------+----------+-----
Poison Magic   | 5 6 |  6.1
Dodging        | |  1.5
Stealth        | |  3.0
Spellcasting   | |  2.0
Transmutations | |  1.0

Action                   || total
-------------------------++-------
Melee: Whip              ||    10
       Unarmed           ||     2
 Cast: Sting             ||    29
       Poisonous Vapours ||     8
 Abil: Spit Poison       ||     5
Armor: Robe              ||     4
Dodge: Dodged            ||    14

Levels and vault maps discovered:
D:1:      heliophobic_arrival_dark_side_of_the_moon, layout_loops_corners,
          hellmonk_ecumenical_altar_prayer_group, item_on_display_a
D:2:      layout_loops_ring, serial_rivers, chequers_serial_rivers_large_b,
          chequers_serial_rivers_marsh, chequers_serial_rivers_small_3,
          chequers_serial_rivers_marsh, chequers_serial_rivers_marsh,
          lightli_corner_chamber
D:3:      kennysheep_slugbush, layout_basic, lemuel_doored_altar,
          wad_floor_pattern_1, corexii_item_surrounded_by_moat

Notes
Turn   | Place    | Note
-------+----------+-------------------------------------------
     0 | D:1      | agentchuck the Naga Venom Mage began the quest for the Orb.
     0 | D:1      | Reached XP level 1. HP: 15/15 MP: 3/3
   253 | D:1      | Reached XP level 2. HP: 21/22 MP: 0/5
   277 | D:1      | Learned a level 2 spell: Poisonous Vapours
   372 | D:2      | Reached skill level 5 in Poison Magic
   472 | D:2      | Reached XP level 3. HP: 27/28 MP: 1/6
   712 | D:3      | Reached skill level 6 in Poison Magic
   863 | D:3      | Slain by an orc

Vanquished Creatures
  2 adders (D:2)
  A dart slug (D:3)
  An orc (D:3)
  4 bats
  3 endoplasms
  5 giant cockroaches
  A goblin (D:3)
  3 hobgoblins (D:2)
  A quokka (D:2)
  2 ball pythons (D:2)
  A kobold (D:1)
  A rat (D:1)
25 creatures vanquished.

Table legend: (Time is in decaauts)
 A = Elapsed time spent in this place.
 B = Non-inter-level travel time spent in this place.
 C = Inter-level travel time spent in this place.
 D = Time resting spent in this place.
 E = Time spent auto-exploring this place.
 F = Levels seen in this place.
 G = Mean time per level.
                   A        B        C        D        E       F      G
               +--------+--------+--------+--------+--------+-----+--------+
         Total |   1162 |   1137 |     25 |    108 |      0 |   3 |  387.3 |
       Dungeon |   1162 |   1137 |     25 |    108 |      0 |   3 |  387.3 |
               +--------+--------+--------+--------+--------+-----+--------+

Top non-repeatable levels by time:
     D:2: 760 daAuts
     D:1: 359 daAuts
     D:3: 42 daAuts

Table legend:
 A = Non-vault XP
 B = Vault XP
 C = Vault XP percentage of total XP
 D = Non-vault monster count
 E = Vault monster count
 F = Vault count percentage of total count
                 A         B        C        D         E       F
            +---------+---------+-------+---------+---------+-------
      Total |      66 |       4 |   5.7 |      24 |       1 |   4.0
            +---------+---------+-------+---------+---------+-------
        D:1 |      10 |       0 |   0.0 |       6 |       0 |   0.0
        D:2 |      47 |       0 |   0.0 |      14 |       0 |   0.0
        D:3 |       9 |       4 |  30.8 |       4 |       1 |  20.0
            +---------+---------+-------+---------+---------+-------
